 Dungeon Crawl Stone Soup version 0.22.1-1-ga44c0e56f4 (webtiles) character file.

100 JedernureinKreuz the Conjurer (level 4, -7/33 HPs)
             Began as a Demigod Conjurer on Sept 20, 2018.
             Mangled by an ogre
             ... wielding a cursed +0 giant club
              (12 damage)
             ... on level 2 of the Dungeon.
             The game lasted 00:10:32 (2560 turns).

JedernureinKreuz the Conjurer (Demigod Conjurer)    Turns: 2560, Time: 00:10:32

Health: -7/33      AC:  4    Str: 11    XL:     4   Next: 23%
Magic:  3/10       EV: 12    Int: 21    God:
Gold:   171        SH:  0    Dex: 16    Spells: 6/7 levels left

rFire    + . .     SeeInvis .   y - +0 short sword
rCold    + . .     Gourm    .   (no shield)
rNeg     . . .     Faith    .   d - +0 leather armour
rPois    .         Spirit   .   z - +0 helmet
rElec    .         Reflect  .   e - scarf {rC+ rF+}
rCorr    .         Harm     .   (no gloves)
MR       .....                  (no boots)
Stlth    ++........             (no amulet)
HPRegen  0.11/turn              (no ring)
MPRegen  0.12/turn              (no ring)

@: no status effects
A: high mp 1
a: no special abilities


You were on level 2 of the Dungeon.
You were not hungry.

You visited 1 branch of the dungeon, and saw 3 of its levels.

You collected 171 gold pieces.

Inventory:

Hand Weapons
 v - a +0 dagger
 y - a +0 short sword (weapon)
Missiles
 g - 34 bolts
 j - 20 arrows
 o - 6 poisoned needles
Armour
 a - a +0 robe
 d - a +0 leather armour (worn)
 e - a scarf of resistance (worn)
 z - a +0 helmet (worn)
Jewellery
 p - an uncursed ring of poison resistance {unknown}
Scrolls
 b - a scroll of random uselessness {unknown}
 f - 3 scrolls of teleportation
 h - 5 scrolls of remove curse {unknown}
 k - a scroll of amnesia {unknown}
 m - 2 scrolls of identify {unknown}
 r - a scroll of fog {unknown}
 s - a scroll of noise {unknown}
 w - a scroll of blinking {unknown}
Potions
 i - a potion of magic {unknown}
 l - a potion of curing {unknown}
 n - a potion of brilliance {unknown}
 t - a potion of heal wounds {unknown}
 u - a potion of degeneration {unknown}
 x - a potion of mutation {unknown}
Comestibles
 c - 11 rations
 q - a chunk of flesh


   Skills:
 + Level 2.5 Dodging
 + Level 2.5 Stealth
 + Level 2.4 Spellcasting
 + Level 4.3 Conjurations


You had 6 spell levels left.
You knew the following spells:

 Your Spells              Type           Power        Failure   Level  Hunger
a - Magic Dart            Conj           ###.         3%          1    None

Your spell library contained the following spells:

 Spells                   Type           Power        Failure   Level  Hunger
 Searing Ray              Conj           ###...       4%          2    ##.....
 Dazzling Spray           Conj/Hex       ##....       22%         3    ###....
 Iskenderun's Mystic Bla  Conj           ###.....     30%         4    ####...
 Force Lance              Conj/Tloc      ##......     58%         4    ####...
 Fulminant Prism          Conj/Hex       ##........   58%         4    ####...


Dungeon Overview and Level Annotations

Branches:
Dungeon (3/15)

Annotations:
D:3 1 runed door, Sergey's ghost, weakling DDFi


Innate Abilities, Weirdness & Mutations

You have an increased reservoir of magic. (+10% MP)


Message History

The magic dart hits the ogre.
The ogre is heavily wounded.
The ogre barely misses you.
Casting: Magic Dart (safe; 3% risk of failure)
Confirm with . or Enter, or press ? or * to list all spells.
Aiming: Magic Dart (safe; 3% risk of failure)
Press: ? - help, Shift-Dir - straight line, f/p - ogre
Aim: an ogre, wielding a giant club (heavily wounded)
The magic dart hits the ogre.
The ogre is heavily wounded.
The ogre closely misses you.
Casting: Magic Dart (safe; 3% risk of failure)
Confirm with . or Enter, or press ? or * to list all spells.
Aiming: Magic Dart (safe; 3% risk of failure)
Press: ? - help, Shift-Dir - straight line, f/p - ogre
Aim: an ogre, wielding a giant club (heavily wounded)
The magic dart hits the ogre.
The ogre is severely wounded.
The ogre hits you with a giant club!
You die...

#.#
#..##.#.###.##.###
#.#
#..##.............
#.#
#...........##....
######### #.#
#.#####.##########
........# #.# #.#
#........#
.######.###.####.#
########.### .#
##.......##.#
#.... .#
#.).#.....#O#
##### .#
#.......#..@# .#
#...##....###
######## .###
##.###.#.##
#....w.. ...# #.#
#.#.# #.######
##.# #.# #.#(# #w#
#.# #.# #.#.## #.#
#.# #.# #....##
#.# #.#
#.###...).# #.#
#.#
#.#.......#####
#.#


You could see an ogre.

Vanquished Creatures
  3 adders
  2 worms
  4 dart slugs
  An orc (D:3)
  8 bats
  6 goblins
  7 hobgoblins
  5 jackals
  7 kobolds
  2 quokkas
  2 ball pythons (D:2)
  3 frilled lizards
  5 rats
55 creatures vanquished.

Notes
Turn   | Place    | Note
-------+----------+-------------------------------------------
     0 | D:1      | JedernureinKreuz the Demigod Conjurer began the quest for
                  | the Orb.
     0 | D:1      | Reached XP level 1. HP: 14/14 MP: 5/5
   135 | D:1      | Reached skill level 4 in Conjurations
   188 | D:1      | Reached XP level 2. HP: 15/20 MP: 2/7
  1184 | D:2      | Reached XP level 3. HP: 26/26 MP: 2/8
  2180 | D:3      | Reached XP level 4. HP: 33/33 MP: 6/10
  2253 | D:3      | Found a runed door.
  2253 | D:3      | Noticed Sergey's ghost (weakling DDFi)
  2401 | D:3      | Found a snail-covered altar of Cheibriados.
  2496 | D:3      | Noticed an ogre
  2560 | D:2      | Mangled by an ogre

Skill      XL: |  1  2 |
---------------+-------+-----
Conjurations   | 4 |  4.3
Spellcasting   | 2 |  2.4
Dodging        | 2 |  2.5
Stealth        | 2 |  2.5

Action                   |  1- 3 |  4- 6 || total
-------------------------+-------+-------++-------
Melee: Unarmed           |    12 |       ||    12
       Dagger            |    26 |     5 ||    31
       Short sword       |       |    12 ||    12
 Cast: Magic Dart        |   111 |    29 ||   140
  Use: Scroll            |     1 |       ||     1
  Eat: Chunk             |     5 |     1 ||     6
Armor: Robe              |     3 |       ||     3
       Leather armour    |     6 |     2 ||     8
Dodge: Dodged            |    36 |    12 ||    48
